 Dungeon Crawl Stone Soup version 0.28.0-53-g5a82cb258f (webtiles) character file.

Game seed: 16542493635781675726

40394 cbfl8 the Severer (level 13, -1/187 HPs)
             Began as a Minotaur Berserker on Aug 1, 2022.
             Was a High Priest of Trog.
             Slain by Rupert
             ... wielding a +1 vorpal triple sword
              (6 damage)
             ... on level 14 of the Dungeon.
             The game lasted 00:29:12 (14133 turns).

cbfl8 the Severer (Minotaur Berserker)             Turns: 14133, Time: 00:29:13

Health: -1/187     AC: 19    Str: 29    XL:     13   Next: 74%
Magic:  12/12      EV: 13    Int:  4    God:    Trog [*****.]
Gold:   1032       SH:  0    Dex: 14    Spells: 12/12 levels left

rFire   + . .      SeeInvis .   X - +0 battleaxe
rCold   . . .      Faith    .   (shield currently unavailable)
rNeg    . . .      Spirit   .   C - +3 chain mail {rF+}
rPois   .          Reflect  .   (helmet restricted)
rElec   .          Harm     .   W - +1 cloak
rCorr   .          Rampage  .   j - +0 pair of gloves
Will    .....                   (no boots)
Stlth   ..........              K - amulet of regeneration
HPRegen 1.21/turn               p - ring of flight
MPRegen 0.13/turn               g - +6 ring of strength

@: berserking, lethally poisoned (-1 -> -1), about to teleport, flying, very
quick
A: horns 2, retaliatory headbutt
a: Renounce Religion, Berserk, Trog's Hand, Brothers in Arms


You were on level 14 of the Dungeon.
You worshipped Trog.
Trog was extremely pleased with you.
You visited 1 branch of the dungeon, and saw 14 of its levels.
You also visited: Sewer.

You collected 1032 gold pieces.

Inventory:

Hand Weapons
 q - a +0 war axe
 X - a +0 battleaxe (weapon)
Missiles
 n - 3 throwing nets
Armour
 j - a +0 pair of gloves (worn)
 C - a +3 chain mail of fire resistance (worn)
 W - a +1 cloak (worn)
 Y - a +1 cloak
Jewellery
 d - a +6 ring of strength
 e - a ring of resist corrosion
 g - a +6 ring of strength (right hand)
 p - a ring of flight (left hand)
 E - a +4 ring of evasion
 F - a ring of protection from fire
 K - an amulet of regeneration (around neck)
 M - a ring of fire
 N - a +6 ring of dexterity
 Q - a ring of poison resistance
 R - a ring of see invisible
Wands
 B - a wand of iceblast (15) (quivered)
 G - a wand of polymorph (12)
 P - a wand of flame (5)
 S - a wand of mindburst (6)
Scrolls
 b - a scroll of silence {unknown}
 k - 3 scrolls of fog
 l - a scroll of acquirement {unknown}
 r - 7 scrolls of teleportation
 s - 2 scrolls of amnesia {unknown}
 t - 2 scrolls of enchant weapon {unknown}
 u - 5 scrolls of noise
 v - 4 scrolls of magic mapping
 y - 2 scrolls of summoning {unknown}
 D - a scroll of torment {unknown}
 H - a scroll of enchant armour {unknown}
 I - 3 scrolls of fear {unknown}
 O - a scroll of immolation {unknown}
Potions
 a - 6 potions of curing
 c - a potion of mutation {unknown}
 f - 2 potions of brilliance {unknown}
 h - 3 potions of lignification {unknown}
 i - 4 potions of might
 m - a potion of resistance {unknown}
 o - a potion of attraction {unknown}
 w - 2 potions of degeneration {unknown}
 x - a potion of invisibility
 z - 3 potions of haste
 A - 2 potions of flight {unknown}
 J - a potion of berserk rage {unknown}
Miscellaneous
 T - a phantom mirror
 U - a lightning rod (4/4)
 V - a phantom mirror


   Skills:
 * Level 14.8 Fighting
 + Level 15.6 Axes
 + Level 11.7 Armour
 * Level 10.6 Dodging
 + Level 1.3 Stealth
 + Level 1.1 Unarmed Combat
 * Level 8.7 Evocations


You had 12 spell levels left.
You didn't know any spells.
Your spell library was empty.

Dungeon Overview and Level Annotations

Branches:
Dungeon (14/15) Temple (0/1) D:4 Lair (0/6) D:11 Orc (0/2) D:9 Vaults (0/5) D:13 D:14 Sewer (visited)

Altars:
Elyvilon
Kikubaaqudgha
Okawaru
Uskayaw
Vehumet
Xom
Yredelemnul

Shops:
D:1 (

Annotations:
D:13 Nessos, Urug
D:14 Rupert


Innate Abilities, Weirdness & Mutations

You have a pair of horns on your head.
You reflexively headbutt those who attack you in melee.


Message History

You fly downwards.
You feel very sick.
There is a stone staircase leading up, spattered with blood here.
You feel much better.
You feel sick.
Rupert rages.
The human hits you but does no damage. The human closely misses you.
As you read the scroll of teleportation, it crumbles to dust.
You feel strangely unstable.
You feel sick. The human hits you but does no damage. Rupert barely misses you.
The human hits you but does no damage.
A red film seems to cover your vision as you go berserk!
You feel yourself moving faster!
You feel mighty!
You feel sick.
Rupert hits you with a +1 vorpal triple sword!!
The human completely misses you. You furiously retaliate!
You headbutt the human! The human barely misses you. You furiously retaliate!
You headbutt the human!
Rupert hits you with a +1 vorpal triple sword.
You slice Rupert!! Your headbutt misses Rupert.
Rupert is lightly wounded.
You slash the human! x2; You feel sick. The human hits you but does no damage.
Unknown command.
You slash Rupert! You headbutt Rupert!
Rupert is moderately wounded.
You slash the human!
You kill the human!
Trog accepts your kill.
You barely miss the human.
Rupert hits you with a +1 vorpal triple sword!!!
* * * LOW HITPOINT WARNING * * *
x2 The human hits you.
* * * LOW HITPOINT WARNING * * *
You are too berserk!
You barely miss Rupert. You headbutt Rupert, but do no damage.
Rupert is moderately wounded.
You slash the human!
You kill the human!
Trog accepts your kill.
You feel sick.
Rupert hits you with a +1 vorpal triple sword.
You die...

#...[.......#
#...........##
#............#
#............#
#............#
#............#######
#............#..p#.#
############.#p†@†.#
#.#.#@#.# #.#####.#
#.......# #########


You could see Rupert (berserk) and 2 humans.

Vanquished Creatures
  Kirke (D:11)
  The ghost of cbfl8 the Fighter, a journeyman MiBe of Trog (D:12)
  2 hydras
  2 boulder beetles (D:12)
  A centaur warrior (D:13)
  5 two-headed ogres
  Pikel (D:7)
  8 cyclopes
  3 spectral boulder beetles (D:11)
  7 ugly things
  A manticore (D:13)
  4 spectral centaurs
  A gargoyle (D:11)
  A centaur skeleton (D:11)
  Psyche (D:10)
  A kobold demonologist (D:10)
  2 komodo dragons
  Maggie (D:9)
  An efreet (D:13)
  7 trolls
  Prince Ribbit (D:7)
  A wolf spider simulacrum (D:12)
  Grinder (D:5)
  A hornet (D:9)
  A blink frog (shapeshifter) (D:14)
  11 flying skulls
  4 centaur simulacra
  6 wraiths
  2 vampires (D:11)
  16 yaks
  4 wyverns (D:11)
  6 shadows
  7 hogs (D:11)
  12 humans (D:14)
  A steam dragon (D:7)
  12 vampire mosquitoes
  Menkaure (D:4)
  An acid dragon (D:14)
  5 wargs (D:11)
  3 water moccasins
  A hell hound (D:11)
  Duvessa (D:7)
  5 orc warriors
  A sky beast (D:6)
  2 boulder beetle simulacra (D:11)
  2 ice beasts
  A hornet zombie (D:8)
  2 black bears
  3 necrophages (D:7)
  6 centaurs
  An ogre (D:8)
  A black mamba simulacrum (D:11)
  A phantom (D:4)
  2 kobold brigands
  4 bullfrogs
  A gnoll sergeant (D:12)
  A scorpion (D:5)
  A water moccasin zombie (D:7)
  Dowan (D:7)
  A hornet simulacrum (D:12)
  A wyvern skeleton (D:6)
  5 killer bees (D:9)
  2 wights (D:7)
  5 howler monkeys
  7 centaur zombies
  A bullfrog zombie (D:3)
  7 orc priests
  A gnoll shaman (D:8)
  4 hounds
  Crazy Yiuf (D:5)
  5 iguanas
  Ijyb (D:4)
  10 orc wizards
  5 hell rats
  4 killer bee zombies
  A hound skeleton (D:5)
  A howler monkey zombie (D:5)
  11 gnolls
  15 adders
  3 river rats
  A white imp (D:7)
  An ufetubus (D:6)
  A dart slug (D:4)
  46 orcs
  19 ball pythons
  3 bats
  7 endoplasms
  2 giant cockroaches
  5 goblins
  9 hobgoblins
  19 kobolds
  3 quokkas
  4 frilled lizards
  31 rats
426 creatures vanquished.

Vanquished Creatures (others)
  A bush (D:11)
  4 fungi (D:11)
  21 plants
26 creatures vanquished.

Grand Total: 452 creatures vanquished

Notes
Turn   | Place    | Note
-------+----------+-------------------------------------------
     0 | D:1      | cbfl8 the Minotaur Berserker began the quest for the Orb.
     0 | D:1      | Reached XP level 1. HP: 19/19 MP: 0/0
   143 | D:1      | Found Logilitwi's Antique Weapon Shoppe.
   296 | D:1      | Reached XP level 2. HP: 27/27 MP: 1/1
   380 | D:1      | Reached skill level 4 in Axes
   548 | D:1      | Reached XP level 3. HP: 33/33 MP: 2/2
   850 | D:2      | Reached ** piety under Trog
  1154 | D:2      | Found a faded altar of an unknown god.
  1681 | D:3      | Reached XP level 4. HP: 41/41 MP: 3/3
  1718 | D:3      | Found a hide-covered altar of Uskayaw.
  1838 | D:3      | Reached skill level 5 in Fighting
  1839 | D:3      | Reached skill level 5 in Axes
  1839 | D:3      | Reached XP level 5. HP: 47/48 MP: 4/4
  2371 | D:4      | Reached skill level 1 in Evocations
  2459 | D:4      | Noticed Menkaure
  2466 | D:4      | Killed Menkaure
  2467 | D:4      | Reached XP level 6. HP: 44/56 MP: 5/5
  2628 | D:4      | Noticed Ijyb
  2629 | D:4      | You fall into a shaft and drop 2 floors!
  2667 | D:6      | Found a radiant altar of Vehumet.
  2670 | D:6      | Found a white marble altar of Elyvilon.
  2704 | D:6      | Reached skill level 6 in Axes
  2704 | D:6      | Reached XP level 7. HP: 60/62 MP: 6/6
  2796 | D:6      | Found a glowing drain.
  2803 | D:6      | Reached *** piety under Trog
  2817 | Sewer    | Entered a sewer
  3241 | Sewer    | Reached **** piety under Trog
  3409 | D:6      | Reached skill level 7 in Axes
  3409 | D:6      | Reached skill level 5 in Armour
  3409 | D:6      | Reached XP level 8. HP: 50/71 MP: 7/7
  3590 | D:5      | Entered Level 5 of the Dungeon
  3590 | D:5      | Noticed Grinder
  3595 | D:5      | Killed Grinder
  3694 | D:4      | Reached skill level 8 in Axes
  3699 | D:4      | Found a staircase to the Ecumenical Temple.
  3712 | D:4      | Killed Ijyb
  3780 | D:4      | Found a basalt altar of Yredelemnul.
  4144 | D:5      | Found a runed translucent door.
  4145 | D:5      | Noticed Crazy Yiuf
  4547 | D:5      | Reached skill level 5 in Dodging
  4881 | D:5      | Killed Crazy Yiuf
  5422 | D:7      | Reached skill level 9 in Axes
  5422 | D:7      | Reached XP level 9. HP: 79/79 MP: 8/8
  5490 | D:7      | Noticed Pikel
  5505 | D:7      | Killed Pikel
  5718 | D:7      | Reached skill level 10 in Axes
  6014 | D:7      | Noticed Prince Ribbit
  6021 | D:7      | Killed Prince Ribbit
  6190 | D:7      | Noticed Duvessa
  6191 | D:7      | Noticed Dowan
  6198 | D:7      | Killed Duvessa
  6201 | D:7      | Killed Dowan
  6799 | D:8      | Reached XP level 10. HP: 90/90 MP: 9/9
  7018 | D:8      | Reached skill level 5 in Evocations
  7092 | D:8      | Reached ***** piety under Trog
  7185 | D:8      | Reached skill level 11 in Axes
  7491 | D:9      | Paralysed by a hornet for 2 turns
  7506 | D:9      | Noticed a two-headed ogre
  7524 | D:9      | Killed a two-headed ogre
  7525 | D:9      | Reached skill level 1 in Stealth
  7856 | D:9      | Noticed Maggie
  7870 | D:9      | Killed Maggie
  8514 | D:9      | Found a staircase to the Orcish Mines.
  8784 | D:10     | Entered Level 10 of the Dungeon
  8849 | D:10     | Reached skill level 10 in Fighting
  8853 | D:10     | Reached skill level 12 in Axes
  8886 | D:10     | Noticed a two-headed ogre
  8894 | D:10     | Killed a two-headed ogre
  8895 | D:10     | Reached XP level 11. HP: 39/100 MP: 10/10
  9105 | D:10     | Found an iron altar of Okawaru.
  9350 | D:10     | Noticed Psyche
  9351 | D:10     | Found a shimmering altar of Xom.
  9364 | D:10     | Killed Psyche
  9915 | D:11     | Reached skill level 1 in Unarmed Combat
  9992 | D:11     | Noticed a two-headed ogre
 10002 | D:11     | Killed a two-headed ogre
 10015 | D:11     | Found a staircase to the Lair.
 10252 | D:11     | Reached skill level 13 in Axes
 10262 | D:11     | Noticed a two-headed ogre
 10274 | D:11     | Killed a two-headed ogre
 10289 | D:11     | Reached XP level 12. HP: 67/112 MP: 11/11
 10563 | D:11     | Reached skill level 10 in Armour
 11234 | D:11     | Found an ancient bone altar of Kikubaaqudgha.
 11245 | D:11     | Reached skill level 14 in Axes
 11268 | D:11     | Received a gift from Trog
 11429 | D:12     | Noticed Kirke
 11626 | D:11     | Killed Kirke
 12333 | D:12     | Reached XP level 13. HP: 120/122 MP: 12/12
 12450 | D:12     | Reached skill level 10 in Dodging
 12458 | D:12     | Found a runed translucent gate.
 12458 | D:12     | Found a runed translucent gate.
 12458 | D:12     | Found a runed translucent gate.
 12605 | D:12     | Noticed cbfl8's ghost (journeyman MiBe)
 12875 | D:12     | Reached skill level 15 in Axes
 12883 | D:12     | Killed cbfl8's ghost
 13557 | D:13     | Noticed Rupert
 13558 | D:13     | Noticed Nessos
 13558 | D:13     | Noticed Urug
 14076 | D:13     | Found a gate to the Vaults.
 14132 | D:14     | HP: 9/187 [Rupert/+1 vorpal triple sword (12)]
 14133 | D:14     | Slain by Rupert

Illustrated notes

Levels and vault maps discovered:
D:1:      lightli_arrival_quake, layout_rooms, serial_shops,
          nicolae_shop_overgrown_old_shop, nicolae_grassy_gnolls
D:2:      layout_rooms, dreamdust_ecumenical_altar_statues, grunt_decor_fettered
D:3:      layout_basic, mainiacjoe_overflow_boulevard, cheibrodos_gnoll_hut
D:4:      layout_rooms, kennysheep_little_box, minmay_temple_entry_glass,
          uniq_menkaure, uniq_ijyb
D:5:      layout_basic, uniq_crazy_yiuf_cottage, uniq_grinder
D:6:      layout_rooms, mainiacjoe_overflow_catwalk_spiral,
          portal_sewer_entry_b, roderic_serpentine_path
D:7:      layout_loops_cross, serial_undead, serial_undead_d, serial_undead_f,
          serial_undead_f, serial_undead_b, uniq_pikel, uniq_duvessa,
          uniq_prince_ribbit1
D:8:      layout_basic, minivault_26, grunt_ogre_cave,
          amcnicky_mini_rare_corridor_liquid, kennysheep_crisscross,
          chequers_jeans
D:9:      layout_basic, hiddenorc1_lemuel, uniq_maggie
D:10:     layout_basic, pf_just_have_faith, lemuel_coloured_pillars_altar,
          uniq_psyche
D:11:     lemuel_vampire_tower, layout_basic, minmay_lair_entry_grove
D:12:     layout_cave_pools, gammafunk_ghost_necromancy, minmay_joined_circles,
          uniq_kirke
D:13:     minmay_razor_zed, layout_cave_pools, david_vaults_3,
          hangedman_incinerator
D:14:     layout_basic

Skill      XL: |  1  2  3  4  5  6  7  8  9 10 11 12 13 |
---------------+----------------------------------------+-----
Fighting       | 4 5 6 7 8 10 11 13 14 | 14.8
Axes           | 4 5 6 7 9 10 12 13 14 15 | 15.6
Armour         | 4 5 7 8 9 11 | 11.7
Dodging        | 3 4 5 6 7 8 9 10 | 10.6
Evocations     | 1 2 3 4 5 6 7 8 |  8.7
Stealth        | 1 |  1.3
Unarmed Combat | 1 |  1.1

Action                   |  1- 3 |  4- 6 |  7- 9 | 10-12 | 13-15 || total
-------------------------+-------+-------+-------+-------+-------++-------
Melee: Hand axe          |    85 |    30 |       |       |       ||   115
       Headbutt          |    12 |    13 |    50 |   139 |    48 ||   262
       War axe           |       |    36 |   262 |   590 |   151 ||  1039
       Punch             |       |       |     2 |    12 |     4 ||    18
       Unarmed           |       |       |       |    16 |       ||    16
       Battleaxe         |       |       |       |       |    38 ||    38
Invok: Berserk           |     1 |     2 |     7 |    13 |     8 ||    31
       Trog's Hand       |       |       |       |     1 |       ||     1
Evoke: Wand              |       |       |     2 |     1 |     3 ||     6
  Use: Scroll            |       |       |     4 |     2 |     1 ||     7
       Potion            |       |       |       |     7 |     1 ||     8
 Stab: Confused          |       |       |       |     1 |       ||     1
Armor: Animal skin       |     1 |       |       |       |       ||     1
       Scale mail        |     5 |    22 |    59 |       |       ||    86
       Leather armour    |     4 |       |       |       |       ||     4
       Chain mail        |       |       |    64 |   337 |   132 ||   533
       Skin              |       |       |       |     1 |       ||     1
Dodge: Dodged            |    71 |    41 |   207 |   432 |   122 ||   873
